 Dungeon Crawl Stone Soup version 0.17-a0-1435-geafbe2f (webtiles) character file.

142 Quirk the Shield-Bearer (level 5, -2/33 HPs)
             Began as a Gargoyle Fighter on June 27, 2015.
             Was an Initiate of Okawaru.
             Slain by a worm (6 damage)
             ... on level 3 of the Dungeon.
             The game lasted 00:04:53 (1641 turns).

Quirk the Shield-Bearer (Gargoyle Fighter)          Turns: 1641, Time: 00:04:54

Health: -2/33      AC: 11    Str: 21      XL:     5   Next: 24%
Magic:  7/7        EV:  2    Int:  8      God:    Okawaru [......]
Gold:   111        SH: 14    Dex:  7 (9)  Spells: 0 memorised, 6 levels left

rFire  + . .     SeeInvis .     a - +1 flail
rCold  . . .     Clarity  .     b - +0 scale mail
rNeg   + . .     SustAt   .     l - +0 large shield
rPois  ∞         Gourm    .     (no helmet)
rElec  +         Spirit   .     (no cloak)
rCorr  .         Warding  .     (no gloves)
rMut   .         Stasis   .     (no boots)
MR     .....                    (no amulet)
Stlth  ..........               (no ring)
                                g - ring of protection from fire

@: constricted, not resistant to hostile enchantments, extremely unstealthy
A: negative energy resistance 1, electricity resistance, unbreathing,
petrification resistance, rot immunity, AC +4
a: Renounce Religion


You were on level 3 of the Dungeon.
You worshipped Okawaru.
Okawaru was noncommittal.
You were not hungry.

You visited 1 branch of the dungeon, and saw 3 of its levels.

You collected 111 gold pieces.

Inventory:

Hand weapons
 a - a +1 flail (weapon)
Missiles
 h - 8 tomahawks (quivered)
Armour
 b - a +0 scale mail (worn)
 c - a +0 shield
 l - a +0 large shield (worn)
Jewellery
 g - a ring of protection from fire (left hand)
Magical devices
 p - a wand of polymorph (12)
Scrolls
 f - a scroll of magic mapping
 i - a scroll of enchant weapon
 k - 2 scrolls of identify
Potions
 d - a potion of might
 o - 2 potions of lignification
Comestibles
 e - 5 bread rations
 m - 2 meat rations


   Skills:
 + Level 3.8 Fighting
 + Level 2.2 Maces & Flails
 + Level 3.8 Armour
 + Level 1.1 Dodging
 + Level 2.3 Stealth
 + Level 3.9 Shields
 + Level 1.4 Spellcasting


You had 6 spell levels left.
You didn't know any spells.

Dungeon Overview and Level Annotations

Branches:
Dungeon (3/15)

Altars:
Okawaru
Vehumet
Zin
The Shining One

Annotations:
D:3 Quirk's ghost, average GrEE


Innate Abilities, Weirdness & Mutations

You are resistant to torment.
Your stone body is resilient (AC +4).
You are immune to poison.
You resist negative energy.
You are resistant to electric shocks.
You can survive without breathing.
You are immune to petrification.
You are immune to rotting.


Message History

The ball python bites you but does no damage.
The ball python constricts you.
You hit the worm.
The worm is moderately wounded.
You block the bat's attack. The bat hits you but does no damage.
Quirk's ghost keens inconsolably.
Quirk's ghost hits you.
* * * LOW HITPOINT WARNING * * *
You block the ball python's attack. The ball python constricts you.
The worm bites you but does no damage. The bat hits you but does no damage.
Quirk's ghost gestures at you while chanting.
You block the rocky blast.
You sock the worm!
The worm is severely wounded.
You block the bat's attack. The bat hits you but does no damage.
You block the ball python's attack. The ball python constricts you.
You block Quirk's ghost's attack.
The ball python bites you but does no damage.
The ball python constricts you. The worm bites you.
You die...

## ##########
######. #........#
#...... #........#
#......
#........###+#......
#b..W.....%....####+
#..@w..........+
#..S...........#
#..............#
#..............#
#.......[#######
#........#
##########


You could see a worm, Quirk's ghost, a bat and a ball python.

Vanquished Creatures
  An orc wizard (D:3)
  6 adders
  A worm (D:2)
  5 orcs (D:3)
  3 giant cockroaches
  5 hobgoblins
  14 jackals
  5 kobolds
  A quokka (D:2)
  2 ball pythons (D:2)
  4 bats
  A giant newt (D:2)
  6 goblins
  3 rats
57 creatures vanquished.

Notes
Turn   | Place    | Note
--------------------------------------------------------------
     0 | D:1      | Quirk the Gargoyle Fighter began the quest for the Orb.
     0 | D:1      | Reached XP level 1. HP: 14/14 MP: 1/1
   121 | D:1      | Reached XP level 2. HP: 16/19 MP: 2/2
   191 | D:1      | Reached skill level 1 in Stealth
   560 | D:2      | Found an iron altar of Okawaru.
   653 | D:2      | Became a worshipper of Warmaster Okawaru
   675 | D:2      | Reached XP level 3. HP: 23/23 MP: 3/3
   806 | D:2      | Found a glowing silver altar of Zin.
   973 | D:2      | Found a glowing golden altar of the Shining One.
  1018 | D:2      | Found a radiant altar of Vehumet.
  1340 | D:3      | Reached skill level 1 in Spellcasting
  1464 | D:3      | Reached XP level 4. HP: 27/29 MP: 5/5
  1559 | D:3      | Noticed Quirk's ghost (average GrEE)
  1564 | D:3      | Reached skill level 1 in Dodging
  1564 | D:3      | Reached XP level 5. HP: 3/33 MP: 7/7
  1580 | D:3      | HP: 1/33 [orc (2)]
  1641 | D:3      | Slain by a worm

Vault maps used:
D:1:      lemuel_arrival_room
D:2:      overflow_temple_1_default, overflow_temple_1_default,
          lemuel_coloured_pillars_altar, okawaru_metal_pillars_1_2
D:3:      minmay_ruptured

Action                   |  1- 3 |  4- 6 || total
-------------------------+-------+-------++-------
Melee: Flail             |   152 |    84 ||   236
  Use: Potion            |       |     4 ||     4
       Scroll            |       |     3 ||     3
  Eat: Chunk             |     2 |     1 ||     3
